 Dungeon Crawl Stone Soup version 0.30-a0-591-g3c58d2bc28 (webtiles) character file.

Game seed: 13310287649334080861

7789 wormed the Transmogrifier (level 11, -9/88 HPs)
             Began as an Octopode Transmuter on Jan 6, 2023.
             Was an Initiate of Gozag.
             Engulfed by a bullfrog's flame (25 damage)
             ... on level 9 of the Dungeon.
             The game lasted 00:17:26 (9803 turns).

wormed the Transmogrifier (Octopode Transmuter)     Turns: 9803, Time: 00:17:27

Health: -9/88      AC:  9    Str: 16    XL:     11   Next: 20%
Magic:  15/20      EV: 17    Int: 19    God:    Gozag
Gold:   385        SH:  0    Dex: 13    Spells: 15/22 levels left

rFire   x . .      SeeInvis .      - Unarmed
rCold   + + +      Faith    .    (shield currently unavailable)
rNeg    . . .      Spirit   .    (helmet currently unavailable)
rPois   +          Reflect  .    d - amulet of regeneration
rElec   .          Harm     .    b - +5 ring of evasion
rCorr   .          Rampage  .    B - +6 ring of strength
Will    .....                    n - ring of flight
Stlth   +                        (no ring)
HPRegen 1.14/turn                (no ring)
MPRegen 0.17/turn                (no ring)
                                 (no ring)
                                 (no ring)

@: ice-form, wereblooded, gold aura, flying
A: freezing attack, boosted hp, almost no armour, amphibious, 8 rings, large,
(camouflage 1), (gelatinous body 1), (nimble swimmer 1), (tentacles)
a: End Transformation, Renounce Religion, Potion Petition, Call Merchant, Bribe
Branch


You were on level 9 of the Dungeon.
You worshipped Gozag.
Gozag was aware of your devotion.
You were a creature of crystalline ice.
You visited 2 branches of the dungeon, and saw 10 of its levels.

You collected 1224 gold pieces.
You paid 839 gold pieces to Gozag.

Inventory:

Missiles
 f - 6 atropa-tipped darts
 l - 29 poisoned darts
Magical Staves
 g - a staff of air
Jewellery
 b - a +5 ring of evasion (left front paw)
 d - an amulet of regeneration (around neck)
 n - a ring of flight (on tentacle)
 B - a +6 ring of strength (right front paw)
Wands
 s - a wand of polymorph (3) (quivered)
Scrolls
 a - 4 scrolls of fog
 e - a scroll of enchant weapon
 u - a scroll of teleportation
 w - 2 scrolls of blinking
 x - 2 scrolls of fear
Potions
 h - 3 potions of brilliance
 i - a potion of ambrosia
 j - 3 potions of mutation {unknown}
 k - 5 potions of curing
 o - 3 potions of invisibility {unknown}
 p - 2 potions of degeneration {unknown}
 q - a potion of cancellation {unknown}
 t - a potion of magic {unknown}
 v - a potion of attraction {unknown}
 z - a potion of might {unknown}
 A - a potion of berserk rage {unknown}


   Skills:
 + Level 6.6 Fighting
 + Level 6.9 Dodging
 + Level 7.2 Unarmed Combat
 + Level 6.3 Spellcasting
 * Level 9.7 Transmutations
 - Level 5.0 Ice Magic


You had 15 spell levels left.
You knew the following spells:

 Your Spells              Type           Power      Damage    Failure   Level
a - Ice Form              Ice/Tmut       34%        N/A       5%          4
b - Wereblood             Tmut           43%        N/A       1%          2
z - Beastly Appendage     Tmut           86%        N/A       1%          1

Your spell library contained the following spells:

 Spells                   Type           Power      Damage    Failure   Level
 Passwall                 Tmut/Erth      20%        N/A       2%          2
 Spider Form              Tmut/Pois      24%        N/A       4%          3
 Ensorcelled Hibernation  Hex/Ice        30%        N/A       6%          2
 Magic Dart               Conj           24%        1d4       11%         1
 Call Imp                 Summ           6%         N/A       16%         2
 Cigotuvi's Dreadful Rot  Necr/Pois/Air  12%        N/A       16%         2
 Poisonous Vapours        Pois/Air       12%        N/A       16%         2
 Scorch                   Fire           12%        2d5       16%         2
 Mephitic Cloud           Conj/Pois/Air  6%         N/A       32%         3
 Swiftness                Air            6%         N/A       32%         3
 Airstrike                Air            3%         2d(1-17)  71%         4
 Flame Wave               Conj/Fire      6%         2d5       71%         4
 Summon Lightning Spire   Summ/Air       6%         N/A       71%         4
 Lightning Bolt           Conj/Air       3%         1d14      96%         5
 Summon Cactus Giant      Summ           3%         N/A       100%        6


Dungeon Overview and Level Annotations

Branches:
Dungeon (9/15)             Temple (1/1) D:5            Lair (0/5) D:9
    Orc: D:9-12

Altars:
Ashenzari
Cheibriados
Elyvilon
Fedhas
Gozag
Kikubaaqudgha
Okawaru
Qazlal
Ru
Sif Muna
Trog
Uskayaw
Wu Jian
Yredelemnul

Shops:
D:7 =

Annotations:
D:8 3 runed translucent doors, SirDiesAlot's ghost, amateur DsGl


Innate Abilities, Weirdness & Mutations

You are a creature of crystalline ice.
You have a powerful freezing melee attack.
Your maximum health is increased.
Your armour is entirely melded.
You are incapable of wielding weapons or throwing items.
You cannot wear most types of armour.
You are amphibious.
You can wear up to eight rings at the same time.
((Your skin changes colour to match your surroundings (Stealth+).))
((Your rubbery body absorbs attacks. (AC +1, EV +1)))
((You are camouflaged when in or above water. (Stealth+)))
((You have tentacles for arms and can constrict up to eight enemies at once.))


Message History

The killer bee poisons you!
You feel very sick. The killer bee stings you.
The killer bee attacks as you move away!
The killer bee stings you!
You feel sick. The killer bee barely misses you.
You warm up again.
You feel sick. The killer bee completely misses you.
You closely miss the killer bee. Your grab misses the killer bee.
Your squeeze misses the killer bee.
You feel sick. The killer bee stings you. x2
Casting: Wereblood (safe; 1% risk of failure)
Confirm with . or Enter, or press ? or * to list all spells.
You turn into a creature of crystalline ice.
You feel sick. The killer bee misses you. The killer bee completely misses you.
Casting: Ice Form (dangerous; 5% risk of failure)
Confirm with . or Enter, or press ? or * to list all spells.
Your blood is infused with primal strength.
You feel sick. The killer bee completely misses you.
The killer bee closely misses you.
Casting: Wereblood (safe; 1% risk of failure)
Confirm with . or Enter, or press ? or * to list all spells.
You don't know that spell.
You hit the killer bee but do no damage.
You feel sick. The killer bee stings you.
You punch the killer bee! You freeze the killer bee.
You feel a bit better.
You kill the killer bee!
You feel sick. The fire crab breathes flames at you.
The blast of flame misses you.
Aiming: Polymorph
Press: ? - help, Q - select action, (/) - cycle Shift-Dir - straight line, f - fire crab
Aim: a fire crab (will become a snapping turtle, a bullfrog, or a black mamba, chance to affect: 31%)
The fire crab evaporates and reforms as a bullfrog!
You are engulfed in blazing flames.
You feel sick.
You are no longer poisoned.
You feel better.
You are engulfed in blazing flames.
You feel better.
You are engulfed in blazing flames.
* * * LOW HITPOINT WARNING * * *
You feel better.
You are engulfed in blazing flames.
You die...
Your body crumbles into a pile of gold.

#.. #.........# #..
#.........# #..
#...####..###### #..
#...# #........
#..##...####y.......
#...................
#..F................
#..°########....##..
#..Y# #..... ..
#...########.....§
#.............≈≈≈≈§
#............≈≈≈§
#......#####..≈.>
#......# .≈≈≈t
#...##.# §≈≈≈≈ ≈.
#...##.# ..≈≈≈ .
#...##.+ ..§.


You could see a bullfrog.

Vanquished Creatures
  3 two-headed ogres (D:8)
  Pikel (D:4)
  A moth of wrath (D:8)
  A troll (D:9)
  A hornet (D:8)
  Sigmund (D:6)
  6 yaks (D:8)
  A steam dragon (D:9)
  Grum (D:8)
  A water moccasin (D:7)
  3 black bears
  3 sky beasts
  An ogre (D:6)
  4 wolves (D:8)
  3 centaurs
  2 lemures (D:4)
  A phantom (D:5)
  A kobold brigand (D:8)
  A bullfrog (D:7)
  4 necrophages
  2 scorpions (D:4)
  5 wights (D:8)
  9 killer bees
  3 howler monkeys
  2 vampire bats (D:3)
  3 hounds
  4 orc priests
  3 jellies
  5 iguanas
  6 orc wizards
  8 adders
  A shadow imp (D:6)
  A white imp (D:6)
  An ufetubus (D:4)
  2 worms
  A dart slug (D:2)
  31 orcs
  8 ball pythons
  13 bats
  4 endoplasms
  2 giant cockroaches
  4 goblins
  7 hobgoblins
  4 jackals
  7 kobolds
  2 quokkas (D:2)
  5 frilled lizards
  A giant cockroach zombie (D:3)
  A jackal zombie (D:3)
  A quokka zombie (D:3)
  7 rats
193 creatures vanquished.

Vanquished Creatures (others)
  3 plants (D:8)
  5 toadstools (D:9)
8 creatures vanquished.

Grand Total: 201 creatures vanquished

Notes
Turn   | Place    | Note
-------+----------+-------------------------------------------
     0 | D:1      | wormed the Octopode Transmuter began the quest for the Orb.
     0 | D:1      | Reached XP level 1. HP: 13/13 MP: 3/3
   262 | D:1      | Reached XP level 2. HP: 17/18 MP: 3/5
   878 | D:2      | Learned a level 2 spell: Wereblood
  1035 | D:2      | Reached XP level 3. HP: 12/23 MP: 3/6
  1749 | D:3      | Reached XP level 4. HP: 29/29 MP: 2/7
  1858 | D:3      | Reached skill level 3 in Transmutations
  1888 | D:3      | Reached skill level 1 in Ice Magic
  2104 | D:3      | Found a basalt altar of Yredelemnul.
  2393 | D:3      | Reached XP level 5. HP: 10/34 MP: 8/8
  2733 | D:3      | Learned a level 4 spell: Ice Form
  2761 | D:4      | Noticed a two-headed ogre
  2853 | D:4      | Noticed a lemure
  2853 | D:4      | Noticed a lemure
  2860 | D:4      | Killed a lemure
  3198 | D:4      | Found a sacrificial altar of Ru.
  3218 | D:4      | Reached XP level 6. HP: 40/40 MP: 1/10
  3510 | D:4      | Noticed Pikel
  3518 | D:4      | Killed Pikel
  3519 | D:4      | Reached skill level 4 in Transmutations
  3519 | D:4      | Reached XP level 7. HP: 31/46 MP: 7/12
  3801 | D:4      | Reached skill level 5 in Transmutations
  3911 | D:5      | Entered Level 5 of the Dungeon
  3944 | D:5      | Reached XP level 8. HP: 52/52 MP: 9/13
  4095 | D:5      | Found a staircase to the Ecumenical Temple.
  4134 | Temple   | Entered the Ecumenical Temple
  4200 | Temple   | Became a worshipper of Gozag Ym Sagoz the Greedy
  5015 | D:5      | Reached skill level 6 in Transmutations
  5144 | D:6      | Reached skill level 5 in Unarmed Combat
  5212 | D:6      | Found a shimmering blue altar of Sif Muna.
  5227 | D:6      | Noticed Sigmund
  5401 | D:6      | Reached XP level 9. HP: 58/58 MP: 11/15
  5783 | D:6      | Killed Sigmund
  6254 | D:7      | Noticed a cyclops
  6523 | D:7      | Reached skill level 7 in Transmutations
  6735 | D:7      | Found the +0 staff of Battle
  6978 | D:7      | Reached skill level 5 in Dodging
  7074 | D:8      | Found a snail-covered altar of Cheibriados.
  7261 | D:8      | Reached skill level 5 in Fighting
  7261 | D:8      | Reached skill level 5 in Spellcasting
  7270 | D:8      | Reached XP level 10. HP: 66/66 MP: 13/17
  7274 | D:8      | Reached skill level 5 in Ice Magic
  7281 | D:8      | Reached skill level 8 in Transmutations
  7520 | D:8      | Found a runed translucent gate.
  7520 | D:8      | Found a runed translucent gate.
  7520 | D:8      | Found a runed translucent gate.
  7530 | D:8      | Noticed SirDiesAlot's ghost (amateur DsGl)
  7560 | D:8      | Found an iron altar of Okawaru.
  7667 | D:8      | Noticed a two-headed ogre
  7675 | D:8      | Killed a two-headed ogre
  7677 | D:8      | Noticed a two-headed ogre
  7809 | D:8      | Noticed a two-headed ogre
  8078 | D:8      | Killed a two-headed ogre
  8220 | D:8      | Noticed a manticore
  8277 | D:8      | a manticore changed into a moth of wrath
  8277 | D:8      | Noticed a moth of wrath
  8285 | D:8      | Killed a moth of wrath
  8286 | D:8      | Reached skill level 9 in Transmutations
  8540 | D:8      | Noticed Grum
  8951 | D:8      | Killed Grum
  8954 | D:8      | Reached XP level 11. HP: 61/73 MP: 15/20
  9105 | D:9      | Noticed a deep elf pyromancer
  9293 | D:8      | Killed a two-headed ogre
  9525 | D:9      | Noticed a boulder beetle
  9678 | D:9      | Noticed a fire crab
  9706 | D:9      | Found a staircase to the Lair.
  9800 | D:9      | a fire crab changed into a bullfrog
  9803 | D:9      | Engulfed by a bullfrog's flame

Illustrated notes

Levels and vault maps discovered:
D:1:      psy_arrival_fountain, layout_loops_ring, hangedman_decor_growths
D:2:      layout_rooms, serial_rivers, chequers_serial_rivers_micro_c,
          chequers_serial_rivers_micro_b, chequers_serial_rivers_room_a,
          chequers_serial_rivers_large_a, chequers_serial_rivers_micro_a,
          chequers_serial_rivers_room_b, minmay_octomino_e4
D:3:      cheibrodos_helix_gallery, layout_rooms,
          nicolae_yredelemnul_corpse_copse, hangedman_decor_points,
          dk_noncrumbling_4, serial_bayou_pond_d, roderic_batcave
D:4:      layout_loops_ring, nicolae_ru_sacrificial_ziggurat, uniq_pikel
D:5:      layout_basic, minmay_temple_entry_glassed_door
D:6:      layout_cave_pools, nicolae_sif_muna_little_library, serial_park,
          serial_park_gazebo [serial_park_minivault_5x5_1],
          serial_park_tiny_pond, serial_park_tiny_pond, serial_park_square3
          [serial_park_minivault_5x5_7], serial_park_tiny_1, sigmund_army
D:7:      layout_gridville
D:8:      minmay_chambers_of_fours, layout_basic, mainiacjoe_overflow_alcove_4,
          kennysheep_mini_moat, gammafunk_ghost_necromancy, uniq_grum
D:9:      minmay_cut_squares, layout_stronghold, minmay_lair_entry_lava,
          hiddenorc1_lemuel, minmay_gold_behind_fungi
Temple:   minmay_crystal_spiral_temple

Skill      XL: |  1  2  3  4  5  6  7  8  9 10 |
---------------+-------------------------------+-----
Transmutations | 3 4 5 6 7 9 |  9.7
Ice Magic      | 1 2 3 4 5 |  5.0
Fighting       | 2 3 4 5 6 |  6.6
Dodging        | 3 4 5 6 |  6.9
Unarmed Combat | 4 5 6 7 |  7.2
Spellcasting   | 3 4 5 6 |  6.3

Action                   |  1- 3 |  4- 6 |  7- 9 | 10-12 || total
-------------------------+-------+-------+-------+-------++-------
Melee: Unarmed           |    22 |    67 |   225 |   140 ||   454
       Constrict         |    26 |    18 |     1 |       ||    45
       Kick              |    25 |    16 |       |       ||    41
       Tentacles         |    12 |    15 |     1 |       ||    28
       Staff             |    67 |    81 |       |       ||   148
       Punch             |     2 |     4 |       |       ||     6
 Cast: Beastly Appendage |    27 |    10 |       |       ||    37
       Wereblood         |    12 |     7 |    13 |    20 ||    52
       Ice Form          |       |     7 |    28 |    21 ||    56
Invok: Call Merchant     |       |       |       |     1 ||     1
Evoke: Wand              |       |       |     2 |     7 ||     9
  Use: Scroll            |     5 |     2 |     5 |     9 ||    21
       Potion            |       |     3 |       |     6 ||     9
 Stab: Sleeping          |     5 |       |     2 |       ||     7
       Distracted        |       |       |     1 |       ||     1
Armor: Skin              |     8 |   109 |    65 |    31 ||   213
Dodge: Dodged            |    59 |   130 |   147 |   156 ||   492

Table legend: (Time is in decaauts)
 A = Elapsed time spent in this place.
 B = Non-inter-level travel time spent in this place.
 C = Inter-level travel time spent in this place.
 D = Time resting spent in this place.
 E = Time spent auto-exploring this place.
 F = Levels seen in this place.
 G = Mean time per level.
                   A        B        C        D        E       F      G
               +--------+--------+--------+--------+--------+-----+--------+
         Total |   9770 |   9282 |    488 |    273 |   7066 |  10 |  977.0 |
       Dungeon |   9666 |   9214 |    452 |    273 |   7014 |   9 | 1074.0 |
        Temple |    103 |     67 |     36 |      0 |     52 |   1 |  103.0 |
               +--------+--------+--------+--------+--------+-----+--------+

Top non-repeatable levels by time:
     D:8: 2308 daAuts
     D:3: 1157 daAuts
     D:4: 1133 daAuts
     D:5: 1130 daAuts
     D:7: 989 daAuts
     D:6: 962 daAuts
     D:1: 833 daAuts
     D:2: 809 daAuts
     D:9: 342 daAuts
  Temple: 103 daAuts
